 Dungeon Crawl Stone Soup version 0.28-a0-1182-g381e24db82 (webtiles) character file.

Game seed: 5196349275344919292

63 lonewolfV2 the Sneak (level 4, 0/37 HPs)
             Began as a Naga Enchanter on Dec 16, 2021.
             Slain by a black bear (2 damage)
             ... on level 4 of the Dungeon.
             The game lasted 00:04:30 (2837 turns).

lonewolfV2 the Sneak (Naga Enchanter)               Turns: 2837, Time: 00:04:31

Health: 0/37       AC:  2    Str: 12    XL:     4   Next: 10%
Magic:  0/7        EV: 10    Int: 15    God:
Gold:   89         SH:  0    Dex: 12    Spells: 7/7 levels left

rFire   . . .      SeeInvis +   d - +2 long sword (drain)
rCold   . . .      Faith    .   (no shield)
rNeg    . . .      Spirit   +   b - +0 robe
rPois   +          Reflect  .   (no helmet)
rElec   .          Harm     .   (no cloak)
rCorr   .          Rampage  .   (no gloves)
Will    .....                   (no barding)
Stlth   +++.......              f - amulet of guardian spirit
HPRegen 0.12/turn               (no ring)
MPRegen 0.10/turn               (no ring)

@: mighty, very slow
A: AC +1, large, see invisible, deformed body, poison resistance, slowness 2,
spit poison 1, naga tail 1
a: Spit Poison


You were on level 4 of the Dungeon.
You visited 1 branch of the dungeon, and saw 4 of its levels.

You collected 89 gold pieces.

Inventory:

Hand Weapons
 a - a +1 dagger
 d - a +2 long sword of draining (weapon)
Armour
 b - a +0 robe (worn)
Jewellery
 e - an amulet of magic regeneration
 f - an amulet of guardian spirit (around neck)
Scrolls
 i - a scroll of vulnerability {unknown}
 j - a scroll of identify {unknown}
 k - 2 scrolls of silence {unknown}
Potions
 c - 2 potions of invisibility
 g - a potion of cancellation
 h - 2 potions of might


   Skills:
 + Level 0.9 Fighting
 + Level 1.1(1.5) Short Blades
 + Level 1.5(1.8) Long Blades
 + Level 2.1 Dodging
 + Level 5.2 Stealth
 + Level 2.0 Spellcasting
 + Level 3.3 Hexes


You had 7 spell levels left.
You didn't know any spells.
Your spell library contained the following spells:

 Spells                   Type           Power      Damage    Failure   Level
 Ensorcelled Hibernation  Hex/Ice        12%        N/A       17%         2
 Confusing Touch          Hex            11%        N/A       17%         3
 Tukima's Dance           Hex            11%        N/A       17%         3
 Animate Skeleton         Necr           2%         N/A       22%         1
 Apportation              Tloc           2%         N/A       22%         1
 Summon Small Mammal      Summ           4%         N/A       22%         1
 Sublimation of Blood     Necr           1%         N/A       32%         2
 Wereblood                Tmut           1%         N/A       32%         2
 Dazzling Flash           Conj/Hex       12%        N/A       34%         3
 Summon Hydra             Summ           0%         N/A       100%        7


Dungeon Overview and Level Annotations

Branches:
Dungeon (4/15)
 Temple: D:4-7

Altars:


Innate Abilities, Weirdness & Mutations

Your serpentine skin is tough. (AC +1)
You have supernaturally acute eyesight. (SInv)
Armour fits poorly on your strangely shaped body.
Your system is resistant to poisons. (rPois)
You cover ground very slowly.
You can spit poison.
You have a snake-like lower body.


Message History

There is an open door here.
There is a stone staircase leading down here.
You climb downwards.
You hear the hiss of flowing sand.
There is an entrance to an ossuary on this level.
Hurry and find it before the portal is buried!
The black bear growls angrily.
Found 13 gold pieces.
Found a stone staircase leading down and a stone staircase leading up.
There is a stone staircase leading up here.
The black bear bites you.
The black bear claws you but does no damage. x2
There is a stone staircase leading down here.
The black bear bites you but does no damage.
The black bear closely misses you. The black bear claws you.
The black bear bites you. The black bear claws you. x2
You closely miss the black bear. The black bear misses you.
The black bear claws you. The black bear closely misses you.
You closely miss the black bear. The black bear bites you.
The black bear claws you but does no damage. x2
You slash the black bear! You drain the black bear.
The black bear is heavily wounded.
The black bear bites you. The black bear claws you.
The black bear claws you but does no damage.
The black bear bites you. The black bear claws you.
* * * LOW HITPOINT WARNING * * *
The black bear claws you.
* * * LOW HITPOINT WARNING * * *
It was a potion of might.
You feel very mighty all of a sudden. The black bear bites you.
* * * LOW HITPOINT WARNING * * *
The black bear barely misses you.
The black bear claws you but does no damage.
Okay, then.
You barely miss the black bear.
The black bear is heavily wounded.
The black bear barely misses you. The black bear claws you.
* * * LOW HITPOINT WARNING * * *
The black bear claws you.
You die...

######
..########..$.. .
....<.....h###....
.......<.>@.......
.###.########.....
... #


You could see a black bear (drained).

Vanquished Creatures
  A river rat (D:3)
  A worm (D:3)
  2 dart slugs
  5 ball pythons
  An endoplasm (D:3)
  3 giant cockroaches
  4 goblins
  7 hobgoblins
  3 quokkas
  5 bats
  A frilled lizard (D:3)
  4 kobolds
  5 rats
42 creatures vanquished.

Notes
Turn   | Place    | Note
-------+----------+-------------------------------------------
     0 | D:1      | lonewolfV2 the Naga Enchanter began the quest for the Orb.
     0 | D:1      | Reached XP level 1. HP: 15/15 MP: 3/3
   312 | D:1      | Found a faded altar of an unknown god.
   385 | D:1      | Reached XP level 2. HP: 22/22 MP: 5/5
  1530 | D:2      | Reached skill level 5 in Stealth
  1530 | D:2      | Reached XP level 3. HP: 28/28 MP: 6/6
  2054 | D:3      | Reached skill level 1 in Long Blades
  2510 | D:3      | Reached XP level 4. HP: 37/37 MP: 7/7
  2829 | D:4      | Noticed a black bear
  2837 | D:4      | Slain by a black bear

Illustrated notes

Levels and vault maps discovered:
D:1:      beargit_arrival_greenhouse, layout_basic,
          ebering_ecumenical_altar_rust, kennysheep_boxes
D:2:      layout_rooms
D:3:      layout_basic, portal_sewer_entry_c, hangedman_feature_mirror,
          chequers_mini_garden, minmay_misc_feat_diagonals
D:4:      layout_loops_ring, mainiacjoe_overflow_alcove_1,
          gammafunk_ghost_split, nicolae_ossuary_entry_false_entrances,
          hex_medium

Skill      XL: |  1  2  3 |
---------------+----------+-----
Dodging        | 2 |  2.1
Stealth        | 5 |  5.2
Long Blades    | 1 |  1.5
Fighting       | |  0.9
Short Blades   | |  1.1
Spellcasting   | |  2.0
Hexes          | |  3.3

Action                   |  1- 3 |  4- 6 || total
-------------------------+-------+-------++-------
Melee: Dagger            |    13 |       ||    13
       Long sword        |    85 |     7 ||    92
  Use: Scroll            |     1 |       ||     1
       Potion            |     5 |     1 ||     6
 Stab: Sleeping          |     6 |       ||     6
Armor: Robe              |    27 |     8 ||    35
Dodge: Dodged            |    66 |     7 ||    73

Table legend: (Time is in decaauts)
 A = Elapsed time spent in this place.
 B = Non-inter-level travel time spent in this place.
 C = Inter-level travel time spent in this place.
 D = Time resting spent in this place.
 E = Time spent auto-exploring this place.
 F = Levels seen in this place.
 G = Mean time per level.
                   A        B        C        D        E       F      G
               +--------+--------+--------+--------+--------+-----+--------+
         Total |   3623 |   3573 |     50 |    197 |   2676 |   4 |  905.8 |
       Dungeon |   3623 |   3573 |     50 |    197 |   2676 |   4 |  905.8 |
               +--------+--------+--------+--------+--------+-----+--------+

Top non-repeatable levels by time:
     D:1: 1471 daAuts
     D:3: 1224 daAuts
     D:2: 917 daAuts
     D:4: 9 daAuts
